 Dungeon Crawl Stone Soup version 0.22-a0-605-g9281fa2 (webtiles) character file.

78 Amnesiac the Ducker (level 4, 0/22 HPs)
             Began as a Spriggan Transmuter on July 8, 2018.
             Killed by divine providence
             ... invoked by an orc priest
              (16 damage)
             ... on level 3 of the Dungeon.
             The game lasted 00:03:01 (2028 turns).

Amnesiac the Ducker (Spriggan Transmuter)           Turns: 2028, Time: 00:03:02

Health: 0/22       AC:  2    Str:  6    XL:     4   Next: 15%
Magic:  4/10       EV: 21    Int: 15    God:
Gold:   104        SH:  0    Dex: 16    Spells: 7/10 levels left

rFire    . . .     SeeInvis +     - Unarmed
rCold    . . .     Gourm    .   (shield restricted)
rNeg     . . .     Faith    .   b - +0 robe
rPois    .         Spirit   .   (helmet restricted)
rElec    .         Reflect  .   (no cloak)
rCorr    .         Harm     .   (gloves unavailable)
MR       .....                  (boots unavailable)
Stlth    +.........             (no amulet)
HPRegen  0.07/turn              f - +1 ring of evasion
MPRegen  0.12/turn              (no ring)

@: very quick
A: very small, unfitting armour, see invisible, herbivore, speed 3, slow
metabolism 2
a: no special abilities


You were on level 3 of the Dungeon.
You were not hungry.

You visited 1 branch of the dungeon, and saw 3 of its levels.

You collected 104 gold pieces.

Inventory:

Missiles
 a - 5 arrows
Armour
 b - a +0 robe (worn)
Jewellery
 f - a +1 ring of evasion (left hand)
Scrolls
 g - 3 scrolls of teleportation {!r, unknown}
 h - a scroll of fear {!r, unknown}
 k - a scroll of enchant armour {!r}
Potions
 c - a potion of ambrosia {!q}
Comestibles
 d - 3 rations


   Skills:
 - Level 1.0 Fighting
 * Level 4.9 Dodging
 + Level 2.9 Unarmed Combat
 + Level 3.5 Spellcasting
 - Level 3.0 Transmutations


You had 7 spell levels left.
You knew the following spells:

 Your Spells              Type           Power        Failure   Level  Hunger
a - Beastly Appendage     Tmut           ##....       5%          1    None
b - Sticks to Snakes      Tmut           ##......     9%          2    ##.....

Your spell library contained the following spells:

 Spells                   Type           Power        Failure   Level  Hunger
 Spider Form              Tmut/Pois      #.........   30%         3    ###....
 Blade Hands              Tmut           ##........   83%         5    ######.
 Ice Form                 Ice/Tmut       #.......     71%         4    ####...


Dungeon Overview and Level Annotations

Branches:
Dungeon (3/15)

Altars:
Ashenzari
Dithmenos
Gozag
Ru
The Shining One


Innate Abilities, Weirdness & Mutations

You are very small and have problems with some larger weapons.
You are too small for most types of armour.
You have supernaturally acute eyesight. (SInv)
You are a herbivore.
You cover ground extremely quickly.
You need to consume almost no food.


Message History

An orc is nearby!
The orc shouts!
A bat comes into view.
Casting: Sticks to Snakes (safe; 9% risk of failure)
Confirm with . or Enter, or press ? or * to list all spells.
You grow a pair of large bovine horns.
A kobold comes into view. It is wielding a whip.
A worm comes into view.
You hit the bat.
The bat is moderately wounded.
The bat completely misses you.
You swing at nothing.
The bat closely misses you.
You hit the bat.
You kill the bat!
An orc comes into view. It is wielding a whip.
Your transformation is almost over.
You swing at nothing.
You swing at nothing.
You hit the worm.
You headbutt the worm, but do no damage.
The worm is lightly wounded.
You hit the worm but do no damage.
The worm is lightly wounded.
The worm bites you!
Ouch! That really hurt!
* * * LOW HITPOINT WARNING * * *
Casting: Beastly Appendage (safe; 5% risk of failure)
Confirm with . or Enter, or press ? or * to list all spells.
You create a snake!
You now have 8 arrows.
Your ball python grabs the worm.
Your ball python constricts the worm.
Your horns disappear.
An orc priest comes into view.
Your ball python constricts the worm.
The worm barely misses your ball python.
Your ball python constricts the worm.
The orc priest miscasts a cantrip.
Something bites your ball python.
Your ball python loses its grip on something.
Your ball python grabs the worm.
Your ball python constricts the worm.
The worm bites your ball python.
Your ball python dies!
Magic restored.
You start resting.
The worm is too close now for your liking.
There is a stone staircase leading down here.
You start resting.
The worm is too close now for your liking.
You start resting.
The worm is too close now for your liking.
Casting: Sticks to Snakes (safe; 9% risk of failure)
Confirm with . or Enter, or press ? or * to list all spells.
You create a snake!
You now have 7 arrows.
Casting: Sticks to Snakes (safe; 9% risk of failure)
Confirm with . or Enter, or press ? or * to list all spells.
You create a snake!
You now have 6 arrows.
Casting: Sticks to Snakes (safe; 9% risk of failure)
Confirm with . or Enter, or press ? or * to list all spells.
You create a snake!
You now have 5 arrows.
The orc closely misses your ball python.
Your ball python grabs the orc.
Your ball python constricts the orc.
The orc priest calls down the wrath of Beogh upon you.
Beogh smites you!
Ouch! That really hurt!
You die...

#.(.......# #..#
####.####)# #..# #
#..# #.# #..# #. ##.#
#.# #..#.. #.###.####
#.o.# #........# #.#
##.......# ######o##
###.....(.# #.w.o....
#...@#+#### #.#######
#.S..#.# #.# #...S#.#
#.# #..S.#.# #.#
####o>.# #.#
############..# #.#
#....ow.....o># #.#
#.##################.#
#.##.................#


You could see an orc priest, an orc, 2 friendly adders and a friendly ball
python.

Vanquished Creatures
  2 adders (D:2)
  An ooze (D:1)
  4 dart slugs
  3 leopard geckos (D:3)
  4 giant cockroaches
  4 goblins
  9 hobgoblins
  3 kobolds
  6 bats
  2 frilled lizards
  5 rats
43 creatures vanquished.

Vanquished Creatures (collateral kills)
  An orc (D:3)
1 creature vanquished.

Vanquished Creatures (others)
  A bat (D:1)
1 creature vanquished.

Grand Total: 45 creatures vanquished

Notes
Turn   | Place    | Note
-------+----------+-------------------------------------------
     0 | D:1      | Amnesiac the Spriggan Transmuter began the quest for the Orb.
     0 | D:1      | Reached XP level 1. HP: 9/9 MP: 5/5
    85 | D:1      | Reached skill level 1 in Fighting
   161 | D:1      | Reached XP level 2. HP: 11/14 MP: 4/6
   165 | D:1      | Learned a level 2 spell: Sticks to Snakes
   398 | D:1      | Reached skill level 4 in Dodging
   559 | D:1      | Reached XP level 3. HP: 17/18 MP: 6/8
   845 | D:2      | Found an opulent altar of Gozag.
   846 | D:2      | Found a shattered altar of Ashenzari.
   846 | D:2      | Found a shadowy altar of Dithmenos.
   849 | D:2      | Found a glowing golden altar of the Shining One.
   850 | D:2      | Found a sacrificial altar of Ru.
  1001 | D:2      | Found a glowing golden altar of the Shining One.
  1385 | D:3      | Reached XP level 4. HP: 7/22 MP: 8/10
  2028 | D:3      | Killed from afar by an orc priest

Vault maps used:
D:1:      dpeg_arrival_shelter, minmay_misc_feat_enclosed
D:2:      minitemple, first_ration, tso_metal_star
D:3:      minmay_diamond_boxcup

Skill      XL: |  1  2 |
---------------+-------+-----
Fighting       | 1 |  1.0
Transmutations | 3 |  3.0
Spellcasting   | 3 |  3.5
Dodging        | 4 |  4.9
Unarmed Combat | |  2.9

Action                   |  1- 3 |  4- 6 || total
-------------------------+-------+-------++-------
Melee: Unarmed           |   145 |    28 ||   173
       Kick              |    15 |       ||    15
       Headbutt          |     5 |     4 ||     9
       Punch             |     1 |       ||     1
 Cast: Beastly Appendage |    25 |     4 ||    29
       Sticks to Snakes  |     1 |     6 ||     7
  Use: Scroll            |       |     4 ||     4
 Stab: Sleeping          |     1 |       ||     1
Armor: Robe              |    12 |       ||    12
Dodge: Dodged            |   124 |    23 ||   147

Table legend:
 A = Spawn XP
 B = Non-spawn XP
 C = Spawn XP percentage of total XP
 D = Spawn monster count
 E = Non-spawn monster count
 F = Spawn count percentage of total count
 G = Total turns spent on level
                    A         B        C        D         E        F      G
               +---------+---------+-------+---------+---------+-------+---------
         Total |       0 |     112 |   0.0 |       0 |      44 |   0.0 |  2028
               +---------+---------+-------+---------+---------+-------+---------
           D:1 |       0 |      47 |   0.0 |       0 |      22 |   0.0 |   771
           D:2 |       0 |      40 |   0.0 |       0 |      11 |   0.0 |   586
           D:3 |       0 |      25 |   0.0 |       0 |      11 |   0.0 |   671
               +---------+---------+-------+---------+---------+-------+---------
